Map: Oiseau de foudre EC

Players

phox

  • Race: Terran Terran
  • League: Diamond
  • Spawn Location: 11:00

ZenZ - Winner!

  • Race: Terran Terran
  • League: Diamond
  • Spawn Location: 5:00

VOD

Have the link to the VOD?

Description

Time

  • Played on: Oct. 22, 2019, 1:41 p.m.
  • Length: 9:18
Show
View Real Time Build Order
Export as new Build Order

phox Terran 

Build Orders: Mech 

Get SALT Encoding   

  12  0:01  SCV  
  13  0:13  SCV  
  14  0:17  Supply Depot  
  14  0:25  SCV  
  15  0:38  SCV  
  15  0:40  Barracks  
  16  0:45  Refinery  
  16  0:51  SCV  
  17  1:03  SCV  
  18  1:15  SCV  
  19  1:27  Marine  
  19  1:28  Orbital Command  
  20  1:45  Command Center  
  20  1:49  Marine  
  21  1:55  Supply Depot  
  21  1:58  SCV  
  22  2:07  Marine  
  23  2:20  Factory  
  23  2:21  SCV  
  24  2:23  Refinery  
  24  2:27  Marine  
  25  2:33  SCV  
  26  2:46  Marine  
  26  2:51  SCV  
  28  2:57  Orbital Command  
  28  3:03  SCV  
  29  3:06  Factory Tech Lab  
  29  3:09  Starport  
  29  3:15  SCV  
  30  3:25  SCV  
  31  3:27  SCV  
  31  3:31  Siege Tank, Supply Depot  
  35  3:39  SCV  
  35  3:40  SCV  
  37  3:42  Factory, Barracks Reactor  
  37  3:51  Medivac, SCV  
  37  3:52  SCV  
  41  4:02  Engineering Bay  
  41  4:03  SCV  
  41  4:04  SCV  
  43  4:14  Refinery  
  43  4:15  Refinery, SCV  
  43  4:16  SCV  
  45  4:23  Siege Tank  
  48  4:28  SCV  
  48  4:31  Viking  
  48  4:36  Barracks Tech Lab  
  48  4:38  SCV  
  51  4:40  SCV  
  51  4:42  Supply Depot  
  50  4:58  SCV  
  51  5:01  Hellion  
  51  5:04  Hellion, Siege Tank  
  58  5:10  SCV x2  
  60  5:14  Viking  
  60  5:17  Supply Depot  
  62  5:23  Supply Depot  
  62  5:27  Infernal Pre-Igniter  
  62  5:33  Factory  
  62  5:35  Command Center  
  62  5:38  SCV x2  
  62  5:39  Marine  
  62  5:40  Siege Tank  
  62  5:41  Hellion  
  70  5:45  Hellion  
  72  5:57  Marine  
  71  6:15  Marine  
  70  6:24  SCV x2  
  67  6:54  Factory Tech Lab  
  67  6:55  Hellion x2  
  67  6:56  Siege Tank, Medivac  
  76  7:01  Orbital Command  
  76  7:06  Factory  
  76  7:08  Supply Depot  
  76  7:10  SCV x2  
  78  7:18  Hellion x2, Siege Tank  
  78  7:19  Marauder  
  78  7:21  Orbital Command  
  78  7:22  SCV  
  88  7:24  Supply Depot  
  88  7:25  Supply Depot, SCV  
  89  7:34  SCV  
  90  7:39  Armory  
  90  7:41  SCV, Armory  
  91  7:48  Supply Depot  
  91  7:52  Refinery  
  91  7:56  Refinery  
Show
View Real Time Build Order
Export as new Build Order

ZenZ Terran - Winner!

Build Orders: Mech 

Get SALT Encoding   

  12  0:01  SCV  
  13  0:13  SCV  
  14  0:17  Supply Depot  
  14  0:25  SCV  
  15  0:38  SCV  
  15  0:40  Barracks  
  16  0:43  Refinery  
  16  0:50  SCV  
  17  1:02  SCV  
  18  1:15  SCV  
  19  1:28  Orbital Command  
  19  1:29  Marine  
  20  1:51  Command Center  
  20  1:53  SCV  
  21  1:58  Factory  
  21  2:07  Marine, Supply Depot  
  22  2:10  SCV  
  22  2:23  SCV  
  22  2:27  Refinery  
  23  2:32  Marine  
  23  2:36  SCV  
  25  2:44  Factory Tech Lab, Starport  
  25  2:48  SCV  
  25  2:50  Supply Depot  
  26  2:51  Marine  
  27  3:02  SCV  
  28  3:07  Siege Tank  
  28  3:11  Orbital Command  
  31  3:21  Viking  
  33  3:31  Marine  
  33  3:32  SCV  
  35  3:45  SCV x2  
  37  3:53  Starport Reactor  
  37  3:57  Siege Tank, SCV  
  37  3:58  SCV  
  42  4:09  SCV  
  43  4:10  SCV  
  43  4:11  Command Center  
  44  4:22  SCV  
  44  4:23  Engineering Bay  
  45  4:24  SCV  
  46  4:34  Viking, SCV  
  46  4:36  Viking  
  46  4:37  SCV  
  52  4:46  SCV  
  53  4:56  SCV  
  53  4:58  SCV  
  53  5:08  Factory, SCV  
  53  5:10  Refinery  
  53  5:11  Factory, Refinery  
  53  5:12  Supply Depot x2  
  54  5:18  Siege Tank  
  54  5:20  SCV x2  
  59  5:23  Orbital Command  
  59  5:25  Refinery  
  59  5:32  SCV  
  59  5:33  SCV  
  61  5:41  Barracks Reactor  
  61  5:42  Factory  
  61  5:44  SCV  
  61  5:45  SCV  
  60  6:18  Orbital Command  
  60  6:35  SCV x2  
  60  6:36  Siege Tank  
  65  6:43  Factory  
  65  6:44  Factory  
  65  6:47  Factory, SCV  
  65  6:54  SCV x2  
  65  6:59  Viking x2, SCV  
  72  7:06  SCV  
  72  7:07  SCV, Armory, Supply Depot  
  72  7:08  Supply Depot, Armory  
  74  7:11  SCV  
  75  7:18  Refinery, SCV  
  75  7:19  SCV  
  75  7:22  Supply Depot  
  77  7:23  SCV  
  77  7:25  Supply Depot  
  77  7:26  Supply Depot  
  78  7:30  Starport  
  78  7:31  SCV  
  78  7:33  Factory Tech Lab x3  
  78  7:34  Factory  
  78  7:35  Siege Tank  
  78  7:36  Viking x2, SCV  
  78  7:37  SCV  
  88  7:43  SCV  
  89  7:49  SCV  
  90  7:53  SCV  
  90  7:55  SCV  
  92  8:01  SCV, Siege Tank  
  92  8:02  Siege Tank x2  
  86  8:54  Starport Tech Lab  
Tags
 
Composition
MechMech
Matchup
TvT
Race
Terran
Spawn Locations
Cross Positions
Add a new tag
Caveats
  • Supply blocks, unpowered buildings, or Contaminate may cause inaccurate times.
  • Supply counts are checked every 10 seconds.